 Dungeon Crawl Stone Soup version 0.28.0-53-g5a82cb258f (webtiles) character file.

Game seed: 17053773710129627927

175 Zeld the Changer (level 5, 0/41 HPs)
             Began as a Draconian Transmuter on May 21, 2022.
             Succumbed to a scorpion's poison
             ... on level 3 of the Dungeon.
             The game lasted 00:02:17 (2778 turns).

Zeld the Changer (Draconian Transmuter)             Turns: 2778, Time: 00:02:18

Health: 0/41       AC:  5    Str: 14    XL:     5   Next: 29%
Magic:  6/9        EV: 12    Int: 14    God:
Gold:   90         SH:  0    Dex: 11    Spells: 4/10 levels left

rFire   . . .      SeeInvis .     - Unarmed
rCold   . . .      Faith    .   (no shield)
rNeg    . . .      Spirit   .   (armour unavailable)
rPois   .          Reflect  .   (helmet restricted)
rElec   .          Harm     .   (no cloak)
rCorr   .          Rampage  .   (no gloves)
Will    .....                   (no boots)
Stlth   +.........              (no amulet)
HPRegen 0.13/turn               (no ring)
MPRegen 0.11/turn               (no ring)

@: lethally poisoned (0 -> -14)
A: AC +5, unfitting armour, cold-blooded
a: no special abilities


You were on level 3 of the Dungeon.
You visited 1 branch of the dungeon, and saw 3 of its levels.

You collected 90 gold pieces.

Inventory:

Scrolls
 a - a scroll of amnesia {unknown}
 b - 3 scrolls of identify {unknown}
 c - a scroll of noise {unknown}
 d - a scroll of teleportation {unknown}
Potions
 e - 2 potions of heal wounds {unknown}
 f - a potion of mutation {unknown}


   Skills:
 + Level 2.1 Fighting
 + Level 2.4 Dodging
 - Level 3.0 Unarmed Combat
 * Level 3.0 Spellcasting
 * Level 3.4 Transmutations
 + Level 1.2 Ice Magic
 + Level 1.3 Poison Magic


You had 4 spell levels left.
You knew the following spells:

 Your Spells              Type           Power      Damage    Failure   Level
a - Beastly Appendage     Tmut           22%        N/A       5%          1
b - Wereblood             Tmut           11%        N/A       9%          2
c - Spider Form           Tmut/Pois      8%         N/A       24%         3

Your spell library contained the following spells:

 Spells                   Type           Power      Damage    Failure   Level
 Sting                    Tmut/Pois      32%        1d4       9%          1
 Freeze                   Ice            20%        1d4       13%         1
 Poisonous Vapours        Pois/Air       6%         N/A       24%         2
 Frozen Ramparts          Ice            10%        1d3       36%         3
 Ice Form                 Ice/Tmut       8%         N/A       63%         4
 Olgreb's Toxic Radiance  Pois           5%         N/A       77%         4
 Hailstorm                Conj/Ice       3%         3d3       86%         4


Dungeon Overview and Level Annotations

Branches:
Dungeon (3/15)

Altars:

Annotations:
D:3 1 runed translucent door, Gingerlord's ghost, amateur PaFi


Innate Abilities, Weirdness & Mutations

Your plain brown scales are hard. (AC +5)
You cannot fit into any form of body armour.
You are cold-blooded and may be slowed by cold attacks.


Message History

The scorpion is lightly wounded.
The scorpion stings you.
You are poisoned.
The scorpion poisons you!
You hit the scorpion.
The scorpion is severely wounded.
Your transformation is almost over.
You feel very sick. The scorpion stings you!
You are lethally poisoned!
The scorpion poisons you!
Unknown command.
You hit the scorpion.
The scorpion is almost dead.
You feel extremely sick.
You kill the scorpion!
Your Fighting skill increases to level 2!
Your Spellcasting skill increases to level 3!
You have reached level 5!
Unknown command.
Unknown command.
Unknown command.
There is a lethal amount of poison in your body!
There is a lethal amount of poison in your body!
There is a lethal amount of poison in your body!
There is a lethal amount of poison in your body!
* * * LOW HITPOINT WARNING * * *
You feel extremely sick.
* * * LOW HITPOINT WARNING * * *
You feel very sick.
Okay, then.
Unknown command.
Your transformation has ended.
* * * LOW HITPOINT WARNING * * *
You feel very sick.
Unknown command.
Casting: Spider Form (quite dangerous; 24% risk of failure)
Confirm with . or Enter, or press ? or * to list all spells.
You don't know that spell.
You die...

### # ##.## .# ##
###...##.# .+
.......# ## #....#
#..# #.#.# #@# .#
#.# .# #.# #.# #
### #.# #.#
..####.## ######.#
...##...###......#
<..#.....##.######
...##...# #.#
..####.####.#


There were no monsters in sight!

Vanquished Creatures
  A scorpion (D:3)
  A gnoll (D:1)
  6 adders
  3 dart slugs
  2 ball pythons (D:1)
  3 endoplasms
  2 giant cockroaches
  4 goblins
  4 hobgoblins
  2 quokkas (D:1)
  3 bats
  2 frilled lizards (D:2)
  8 kobolds
  4 rats
45 creatures vanquished.

Notes
Turn   | Place    | Note
-------+----------+-------------------------------------------
     0 | D:1      | Zeld the Draconian Transmuter began the quest for the Orb.
     0 | D:1      | Reached XP level 1. HP: 16/16 MP: 3/3
   303 | D:1      | Reached XP level 2. HP: 17/23 MP: 3/5
   306 | D:1      | Learned a level 2 spell: Wereblood
  1071 | D:1      | Reached XP level 3. HP: 25/28 MP: 4/6
  1075 | D:1      | Learned a level 3 spell: Spider Form
  1506 | D:2      | Found a faded altar of an unknown god.
  1751 | D:2      | Reached skill level 1 in Poison Magic
  1897 | D:2      | Reached XP level 4. HP: 19/36 MP: 5/7
  2252 | D:2      | Reached skill level 1 in Ice Magic
  2529 | D:3      | Found a runed translucent door.
  2531 | D:3      | Noticed Gingerlord's ghost (amateur PaFi)
  2767 | D:3      | Noticed a scorpion
  2774 | D:3      | Killed a scorpion
  2775 | D:3      | Reached XP level 5. HP: 19/41 MP: 5/9
  2778 | D:3      | Succumbed to a scorpion's poison

Illustrated notes

Levels and vault maps discovered:
D:1:      eino_arrival_tree_alley, layout_loops_cross, minmay_small_reverse_x
D:2:      layout_basic, hellmonk_ecumenical_altar_crossroads
D:3:      layout_loops_corners, hellmonk_ghost_happy_afterlife,
          minmay_box_of_dots, uniq_terence

Skill      XL: |  1  2  3  4 |
---------------+-------------+-----
Dodging        | 2 |  2.4
Poison Magic   | 1 |  1.3
Transmutations | 3 |  3.4
Ice Magic      | 1 |  1.2
Fighting       | 2 |  2.1
Spellcasting   | 3 |  3.0
Unarmed Combat | |  3.0

Action                   |  1- 3 |  4- 6 || total
-------------------------+-------+-------++-------
Melee: Unarmed           |    84 |    49 ||   133
       Kick              |    17 |     7 ||    24
       Tailslap          |     6 |     5 ||    11
       Headbutt          |    10 |     4 ||    14
       Punch             |       |     1 ||     1
 Cast: Beastly Appendage |    27 |     9 ||    36
       Spider Form       |       |     1 ||     1
 Abil: End Transformatio |       |     1 ||     1
 Stab: Sleeping          |     1 |       ||     1
Armor: Skin              |    40 |    15 ||    55
Dodge: Dodged            |    68 |    42 ||   110
